 Dungeon Crawl Stone Soup version 0.21.1-1-g345015fe64 (webtiles) character file.

133620 Norrik the Bludgeoner (level 16, -24/152 HPs)
             Began as a Minotaur Monk on Apr 2, 2018.
             Was a High Priest of Okawaru.
             Blown up by an orb spider (54 damage)
             ... with an orb of destruction
             ... on level 4 of the Spider Nest.
             The game lasted 02:15:42 (36165 turns).

Norrik the Bludgeoner (Minotaur Monk)              Turns: 36165, Time: 02:15:43

Health: -24/152    AC: 27    Str: 23    XL:     16   Next: 60%
Magic:  8/8        EV: 15    Int:  7    God:    Okawaru [*****.]
Gold:   1451       SH:  0    Dex: 16    Spells: 7/17 levels left

rFire    + . .     SeeInvis .   e - +2 great mace (crush)
rCold    + . .     Gourm    +   (shield currently unavailable)
rNeg     . . .     Faith    .   Y - +1 plate armour of Ybegoicu {rF+ rCorr MP-9}
rPois    +         Spirit   .   H - +0 hat {MR+}
rElec    +         Reflect  .   x - +1 cloak {rC+}
rCorr    +         Harm     .   d - +1 pair of gloves "Itit" {rElec}
MR       ++...                  W - +0 pair of boots {Fly}
Stlth    ..........             a - amulet of the gourmand
HPRegen  0.35/turn              P - ring of poison resistance
MPRegen  0.11/turn              L - +3 ring of strength

@: flying, studying Ice Magic
A: retaliatory headbutt, horns 2, slimy green scales 1, low mp 1
a: Heroism, Finesse, Renounce Religion, Stop Flying


You were on level 4 of the Spider Nest.
You worshipped Okawaru.
Okawaru was extremely pleased with you.
You were not hungry.

You visited 5 branches of the dungeon, and saw 28 of its levels.
You visited the Abyss 1 time.
You also visited: Sewer, Ice Cave and Volcano.

You collected 2530 gold pieces.
You spent 1079 gold pieces at shops.

Inventory:

Hand Weapons
 e - a +2 great mace of crushing (weapon)
 t - a +3 great mace of protection
 K - a +2 antimagic great mace
Armour
 d - the +1 pair of gloves "Itit" (worn) {rElec}
   (You bought it in a shop on level 7 of the Dungeon)

   It insulates you from electricity.
 n - a cursed +0 shield
 x - a +1 cloak of cold resistance (worn)
 H - a +0 hat of magic resistance (worn)
 S - the +15 Maxwell's patent armour {-Cast -Tele rElec MR+ rCorr}
   (Okawaru gifted it to you on level 1 of the Spider Nest)

   It insulates you from electricity.
   It affects your resistance to hostile enchantments.
   It prevents spellcasting.
   It prevents most forms of teleportation.
   It protects you from acid and corrosion.
 W - a +0 pair of boots of flying (worn)
 Y - the +1 plate armour of Ybegoicu (worn) {rF+ rCorr MP-9}
   (You bought it in a shop on level 2 of the Orcish Mines)

   It protects you from fire.
   It affects your magic capacity (-9).
   It protects you from acid and corrosion.
Jewellery
 a - an amulet of the gourmand (around neck)
 D - an uncursed ring of ice
 L - a +3 ring of strength (right hand)
 P - a ring of poison resistance (left hand)
 T - an uncursed amulet of regeneration {unknown}
Wands
 s - a wand of enslavement (2)
 C - a wand of polymorph (19)
 E - a wand of acid (11)
 F - a wand of paralysis (70)
 G - a wand of digging (13)
 N - a wand of flame (39)
 O - a wand of disintegration (35)
 Q - a wand of iceblast (32)
Scrolls
 f - 13 scrolls of teleportation
 j - 13 scrolls of remove curse
 p - 10 scrolls of fog
 r - 3 scrolls of magic mapping
 y - a scroll of blinking
 z - a scroll of silence
 A - 5 scrolls of enchant armour
 B - 4 scrolls of amnesia
 I - a scroll of fear
 U - a scroll of enchant weapon
Potions
 b - 8 potions of agility
 h - 3 potions of mutation
 i - 4 potions of might
 k - 2 potions of haste
 l - 2 potions of cancellation
 o - 3 potions of brilliance {unknown}
 q - 12 potions of curing
 v - 3 potions of heal wounds
 w - 3 potions of invisibility
 M - a potion of magic
 R - 2 potions of resistance
 V - 3 potions of lignification
 X - 3 potions of berserk rage
 Z - a potion of flight {unknown}
Books
 m - a manual of Ice Magic
Miscellaneous
 g - a phial of floods
 J - a lightning rod (4/4)
Comestibles
 c - 52 rations


   Skills:
 + Level 16.6 Fighting
 - Level 20.0 Maces & Flails
 + Level 16.3 Armour
 + Level 12.7 Dodging
 - Level 1.5 Stealth
 - Level 1.2 Spellcasting
 - Level 6.0 Invocations
 + Level 5.4 Evocations


You had 7 spell levels left.
You knew the following spells:

 Your Spells              Type           Power        Failure   Level  Hunger
a - Blink                 Tloc           N/A          99%         2    ###....
b - Deflect Missiles      Chrm/Air       #.........   100%        6    #######
c - Swiftness             Chrm/Air       #.......     99%         2    ###....


Dungeon Overview and Level Annotations

Branches:
Dungeon (15/15)            Temple (1/1) D:4            Lair (6/6) D:9
  Swamp (0/4) Lair:4       Spider (4/4) Lair:2        Slime (0/5) Lair:6
    Orc (2/2) D:11            Elf (0/3) Orc:2        Vaults (0/5) D:13
 Depths (0/5) D:15

Altars:
Ashenzari
Cheibriados
Dithmenos
Elyvilon
Fedhas
Gozag
Hepliaklqana
Kikubaaqudgha
Makhleb
Nemelex Xobeh
Okawaru
Qazlal
Ru
Sif Muna
Trog
Uskayaw
Vehumet
Wu Jian
Xom
Yredelemnul
Zin
The Shining One
Beogh

Shops:
D:7 [   Orc:1 [   Orc:2 (:([[

Portals:
Trove: D:11 (give 14 scrolls of teleportation)

Annotations:
Lair:6 exclusion: 5 oklob plants


Innate Abilities, Weirdness & Mutations

You reflexively headbutt those who attack you in melee.
You have a pair of horns on your head.
You are partially covered in slimy green scales. (AC +2)
Your magical capacity is low. (-10% MP)


Message History

The orb of destruction hits you!
* * * LOW HITPOINT WARNING * * *
You flatten the jumping spider like a pancake!!!
You kill the jumping spider!
Okawaru accepts your kill.
The jumping spider pounces on you but does no damage.
The jumping spider misses you.
You bludgeon the jumping spider!!
You kill the jumping spider!
Okawaru accepts your kill.
You are too injured to fight recklessly!
You are too injured to fight recklessly!
You are too injured to fight recklessly!
You are too injured to fight recklessly!
You are too injured to fight recklessly!
You are too injured to fight recklessly!
The orb spider weaves a glowing orb of energy.
An orb of destruction comes into view.
The orb of destruction hits you!
You die...

.^... ####.#......#^#.#.##
.^...###.#.........######.#
^^...^.#††........^........
≈^.....††..^...............
#.^.#....†....#............
......................^....
.......§..............#....
^......s§§§..........##^...
..........@..^....#...###..
^........<...(........##..^
###............^#.....^##..
#.............# ##...#..#
####.............###....#...
######..^.............#.#........
#................................
.....†...............#.......^...
..............................##.


You could see an orb spider.

Vanquished Creatures
  Jorgrun (Spider:3)
  An iron giant (shapeshifter) (D:15)
  Kirke (Lair:4)
  An emperor scorpion (Spider:3)
  An orc warlord (Orc:2)
  2 ghost moths (Spider:4)
  A stone giant (Volcano)
  Nessos (Lair:6)
  The ghost of Toogi the Fighter, a journeyman OgIE of Vehumet (D:12)
  The ghost of Name63 the Timeless, a journeyman GnWn of Cheibriados (Lair:3)
  A spark wasp (Spider:3)
  A fire dragon (D:15)
  The ghost of elbjorno the Protected, a journeyman MiFi of Okawaru (Lair:4)
  A rakshasa (D:15)
  Harold (Lair:1)
  3 hydras
  2 death knights
  3 centaur warriors
  An ogre mage (D:15)
  5 two-headed ogres
  Urug (D:11)
  11 skeletal warriors
  An unseen horror (shapeshifter) (D:15)
  3 unseen horrors
  A glowing orange brain (D:15)
  A wolf spider zombie (D:15)
  Pikel (D:4)
  2 phantasmal warriors
  A necromancer (IceCv)
  3 manticores
  4 oklob plants (Lair:5)
  6 orc sorcerers
  7 orb spiders
  20 wolf spiders
  4 ugly things
  A moth of wrath (Spider:3)
  6 black mambas
  8 elephants
  An ice statue (IceCv)
  3 torpor snails
  A guardian serpent (shapeshifter) (D:15)
  Joseph (D:7)
  3 orange demons (D:14)
  6 gargoyles
  12 spiny frogs
  3 efreet
  A rime drake (shapeshifter) (D:12)
  5 centaur skeletons
  A kobold demonologist (D:15)
  4 rime drakes
  13 freezing wraiths
  2 ice devils (D:13)
  10 demonic crawlers
  9 komodo dragons
  16 jumping spiders
  3 meliai (D:13)
  A polar bear (Lair:5)
  5 hornets
  A merfolk (D:11)
  2 trolls
  8 blink frogs
  10 hippogriffs
  11 slime creatures
  A meliai zombie (D:13)
  A blink frog (shapeshifter) (D:13)
  8 dream sheep (Lair:6)
  53 redbacks
  2 vampires
  A shadow (D:14)
  16 tarantellas
  3 wyverns
  3 wraiths
  A tarantella (shapeshifter) (D:13)
  4 hogs (Lair:4)
  45 yaks
  10 vampire mosquitoes
  A death yak simulacrum (IceCv)
  A basilisk (Lair:6)
  4 hungry ghosts
  Menkaure (D:4)
  An acid dragon (D:14)
  7 water moccasins
  4 porcupines
  34 orc warriors
  8 sky beasts
  A black bear (shapeshifter) (D:13)
  A necrophage (D:10)
  9 ice beasts
  17 ogres
  5 wolves (Lair:4)
  17 centaurs
  A tengu (shapeshifter) (D:15)
  3 big kobolds
  18 crocodiles
  Blork the orc (D:6)
  A wyvern zombie (D:13)
  17 bullfrogs
  A gnoll sergeant (D:9)
  2 earth elementals (Volcano)
  A wyvern skeleton (D:13)
  9 scorpions
  A swamp dragon simulacrum (IceCv)
  5 killer bees (D:10)
  11 wights
  2 electric eels
  3 howler monkeys
  4 crimson imps
  3 draconian simulacra (IceCv)
  2 quasits
  7 hounds
  5 centaur zombies
  A gnoll shaman (D:9)
  20 orc priests
  2 jellies
  Crazy Yiuf (D:7)
  4 bullfrog skeletons
  5 iguanas
  16 orc wizards
  A polar bear simulacrum (IceCv)
  9 worker ants
  2 spriggan simulacra (IceCv)
  7 troll simulacra (IceCv)
  A wolf simulacrum (IceCv)
  5 centaur simulacra (IceCv)
  A mummy (D:7)
  Robin (D:4)
  A howler monkey skeleton (D:7)
  16 gnolls
  16 adders
  3 naga simulacra (IceCv)
  A river rat (D:4)
  2 shadow imps
  12 white imps (IceCv)
  8 worms
  4 dart slugs
  7 leopard geckos
  148 orcs
  11 giant cockroaches
  17 goblins
  24 hobgoblins
  17 jackals
  3 quokkas
  8 ball pythons
  6 bats
  5 frilled lizards
  2 hobgoblin zombies (D:7)
  A jackal skeleton (D:4)
  24 kobolds
  2 kobold zombies (D:7)
  A leopard gecko zombie (D:6)
  A quokka skeleton (D:5)
  13 rats
  5 plants
1033 creatures vanquished.

Vanquished Creatures (collateral kills)
  A skeletal warrior (D:14)
1 creature vanquished.

Vanquished Creatures (others)
  A two-headed ogre (D:11)
  A slave (D:4)
  An ogre (D:11)
  A centaur zombie (D:11)
  An orc wizard (Orc:2)
  An adder (D:11)
  An orc (D:4)
  12 fungi
  3 plants
22 creatures vanquished.

Grand Total: 1056 creatures vanquished

Notes
Turn   | Place    | Note
-------+----------+-------------------------------------------
     0 | D:1      | Norrik the Minotaur Monk began the quest for the Orb.
     0 | D:1      | Reached XP level 1. HP: 19/19 MP: 0/0
   112 | D:1      | Reached skill level 4 in Maces & Flails
   134 | D:1      | Reached XP level 2. HP: 25/27 MP: 1/1
   186 | D:1      | Reached skill level 1 in Armour
   732 | D:2      | Reached XP level 3. HP: 19/33 MP: 2/2
   836 | D:2      | Found a blossoming altar of Fedhas.
   877 | D:2      | Reached XP level 4. HP: 33/40 MP: 3/3
   900 | D:2      | Reached skill level 5 in Maces & Flails
   903 | D:2      | Found a deep blue altar of Sif Muna.
  1363 | D:3      | Reached XP level 5. HP: 24/47 MP: 4/4
  2005 | D:3      | Noticed a moth of wrath
  2007 | D:3      | Found a bloodstained altar of Trog.
  2275 | D:4      | Noticed a slave
  2275 | D:4      | Noticed a slave
  2275 | D:4      | Noticed a slave
  2277 | D:4      | Noticed a slave
  2278 | D:4      | Noticed Pikel
  2369 | D:4      | Reached skill level 6 in Maces & Flails
  2377 | D:4      | Reached skill level 5 in Fighting
  2411 | D:4      | Found a glowing drain.
  2442 | Sewer    | Entered a sewer
  2529 | Sewer    | Reached XP level 6. HP: 56/56 MP: 5/5
  3503 | D:4      | Noticed Menkaure
  3509 | D:4      | Killed Menkaure
  3509 | D:4      | Reached skill level 7 in Maces & Flails
  3525 | D:4      | Noticed a sky beast
  3546 | D:4      | Killed a sky beast
  3546 | D:4      | Reached XP level 7. HP: 34/62 MP: 6/6
  3727 | D:4      | Noticed Robin
  3735 | D:4      | Killed Robin
  4131 | D:4      | Killed Pikel
  4131 | D:4      | Reached skill level 9 in Maces & Flails
  4131 | D:4      | Reached skill level 5 in Armour
  4131 | D:4      | Reached XP level 8. HP: 14/71 MP: 7/7
  4445 | D:4      | Found a staircase to the Ecumenical Temple.
  4455 | Temple   | Entered the Ecumenical Temple
  4825 | D:5      | Entered Level 5 of the Dungeon
  4876 | D:5      | Found an iron altar of Okawaru.
  4900 | D:5      | Became a worshipper of Warmaster Okawaru
  4900 | D:5      | Reached * piety under Okawaru
  4900 | D:5      | Reached ** piety under Okawaru
  5235 | D:5      | Found an ornate altar of the Wu Jian Council.
  5458 | D:6      | Found a bloodstained altar of Trog.
  5583 | D:6      | Reached skill level 1 in Invocations
  5642 | D:6      | Reached skill level 10 in Maces & Flails
  5957 | D:6      | Noticed Blork the orc
  5980 | D:6      | Killed Blork the orc
  6270 | D:6      | Got a shimmering iron amulet
  6576 | D:7      | Reached XP level 9. HP: 76/81 MP: 9/9
  6758 | D:7      | Found a runed door.
  6772 | D:7      | Identified the amulet of Achetyo {Inacc rF+ rN+} (You found it on level 6 of the Dungeon)
  6777 | D:7      | Noticed Crazy Yiuf
  6794 | D:7      | Killed Crazy Yiuf
  6939 | D:7      | Reached *** piety under Okawaru
  7013 | D:7      | Found a sparkling altar of Nemelex Xobeh.
  7046 | D:7      | Reached skill level 11 in Maces & Flails
  7074 | D:7      | Found Omalefic's Antique Armour Boutique.
  7150 | D:7      | Noticed Joseph
  7186 | D:7      | Found a shadowy altar of Dithmenos.
  7191 | D:7      | Killed Joseph
  7583 | D:7      | Found a hazy altar of Hepliaklqana.
  8093 | D:8      | Reached **** piety under Okawaru
  8416 | D:8      | Found a shadowy altar of Dithmenos.
  8552 | D:9      | Noticed an orc sorcerer
  8552 | D:9      | Noticed an orc sorcerer
  8579 | D:9      | Reached XP level 10. HP: 79/91 MP: 12/12
  8608 | D:9      | Noticed an orc sorcerer
  8608 | D:9      | Noticed an orc sorcerer
  8609 | D:9      | Paralysed by an orc sorcerer for 4 turns
  8636 | D:9      | Killed an orc sorcerer
  8636 | D:9      | Reached skill level 12 in Maces & Flails
  8637 | D:9      | Noticed a smoke demon
  8642 | D:9      | Noticed a smoke demon
  8644 | D:9      | Killed an orc sorcerer
  8650 | D:9      | Killed an orc sorcerer
  8914 | D:9      | Noticed a two-headed ogre
  8956 | D:9      | Noticed a rust devil
  9307 | D:9      | Found a burning altar of Makhleb.
  9334 | D:9      | Killed a two-headed ogre
  9334 | D:9      | Reached skill level 5 in Invocations
  9390 | D:9      | Found a staircase to the Lair.
  9407 | D:9      | Found a hide-covered altar of Uskayaw.
  9478 | D:9      | Reached skill level 13 in Maces & Flails
  9536 | D:9      | Found a snail-covered altar of Cheibriados.
  9574 | D:9      | Received a gift from Okawaru
  9784 | D:9      | Reached skill level 10 in Fighting
 10218 | D:9      | Paralysed by an orc sorcerer for 3 turns
 10235 | D:9      | Killed an orc sorcerer
 10248 | D:10     | Entered Level 10 of the Dungeon
 10482 | D:10     | Reached ***** piety under Okawaru
 10489 | D:10     | Reached XP level 11. HP: 35/100 MP: 14/14
 11632 | D:11     | Found a staircase to the Orcish Mines.
 11675 | D:11     | Killed a two-headed ogre
 12228 | D:10     | Found a roughly hewn altar of Beogh.
 12595 | D:10     | Reached skill level 14 in Maces & Flails
 12841 | D:11     | Reached skill level 10 in Armour
 12860 | D:11     | Received a gift from Okawaru
 12920 | D:11     | Found a portal to a secret trove of treasure.
 13074 | D:11     | Noticed Urug
 13117 | D:11     | Killed Urug
 13329 | D:11     | Found a shimmering altar of Xom.
 13811 | D:12     | Reached skill level 15 in Maces & Flails
 13830 | D:12     | Noticed a death knight
 13832 | D:12     | Noticed a phantasmal warrior
 13858 | D:12     | Killed a phantasmal warrior
 13869 | D:12     | Killed a death knight
 13901 | D:12     | Reached XP level 12. HP: 45/110 MP: 12/15
 14200 | D:12     | Noticed Toogi's ghost (journeyman OgIE)
 14222 | D:12     | Killed Toogi's ghost
 14456 | D:12     | Learned a level 2 spell: Blink
 14463 | D:12     | Learned a level 6 spell: Deflect Missiles
 15428 | D:13     | Found a frozen archway.
 15454 | D:13     | Reached skill level 5 in Dodging
 15460 | IceCv    | Entered an ice cave
 15823 | IceCv    | Received a gift from Okawaru
 15878 | IceCv    | Reached skill level 16 in Maces & Flails
 16969 | IceCv    | Found an ancient bone altar of Kikubaaqudgha.
 17595 | D:13     | Received a gift from Okawaru
 17631 | D:13     | Noticed a centaur warrior
 17640 | D:13     | Killed a centaur warrior
 17640 | D:13     | Received a gift from Okawaru
 17640 | D:13     | Reached XP level 13. HP: 54/119 MP: 14/16
 17826 | D:13     | Found a gate to the Vaults.
 18246 | D:12     | Received a gift from Okawaru
 18246 | D:12     | Reached skill level 17 in Maces & Flails
 19599 | D:14     | Cast into level 2 of the Abyss (skeletal warrior)
 19602 | D:14     | Escaped the Abyss
 20156 | D:15     | Entered Level 15 of the Dungeon
 20268 | D:15     | Reached skill level 18 in Maces & Flails
 20284 | D:15     | Received a gift from Okawaru
 20287 | D:15     | Got a pair of distressingly furry gloves {god gift}
 20296 | D:15     | Identified the +0 pair of gloves "Ilenoot" {Dex+5} (Okawaru gifted it to you on level 15 of the Dungeon)
 20906 | D:15     | Reached XP level 14. HP: 126/130 MP: 17/17
 22479 | D:15     | Found a staircase to the Depths.
 22609 | D:15     | Noticed an iron giant
 22622 | D:15     | Killed an iron giant
 23117 | D:15     | Received a gift from Okawaru
 23137 | D:15     | Gained mutation: You do not regenerate when monsters are visible. [mutagenic glow]
 23189 | D:11     | Gained mutation: You occasionally shout uncontrollably at your foes. [mutagenic glow]
 23243 | D:8      | Gained mutation: Your magical capacity is low. (-10% MP) [mutagenic glow]
 23330 | D:7      | Bought a pair of faintly humming gloves for 323 gold pieces
 23340 | D:7      | Identified the +1 pair of gloves "Itit" {rElec} (You bought it in a shop on level 7 of the Dungeon)
 23342 | D:7      | Lost mutation: Your magical capacity is low. (-10% MP) [potion of mutation]
 23342 | D:7      | Lost mutation: You do not regenerate when monsters are visible. [potion of mutation]
 23342 | D:7      | Lost mutation: You occasionally shout uncontrollably at your foes. [potion of mutation]
 23342 | D:7      | Gained mutation: Your magical capacity is low. (-10% MP) [potion of mutation]
 23342 | D:7      | Gained mutation: You are partially covered in slimy green scales. (AC +2) [potion of mutation]
 23440 | Lair:1   | Entered Level 1 of the Lair of Beasts
 23479 | Lair:1   | Noticed Harold
 23510 | Lair:1   | Killed Harold
 23510 | Lair:1   | Reached skill level 19 in Maces & Flails
 24684 | Lair:2   | Found a hole to the Spider Nest.
 25321 | Lair:3   | Found a dark tunnel.
 25337 | Volcano  | Entered a volcano
 25482 | Volcano  | Noticed a stone giant
 25496 | Volcano  | Killed a stone giant
 25834 | Lair:3   | Reached skill level 10 in Dodging
 25910 | Lair:3   | Noticed Name63's ghost (journeyman GnWn)
 25949 | Lair:3   | Killed Name63's ghost
 26284 | Lair:3   | You fall through a shaft for 2 floors!
 26691 | Lair:4   | Received a gift from Okawaru
 26708 | Lair:4   | Reached ****** piety under Okawaru
 26733 | Lair:4   | Noticed elbjorno's ghost (journeyman MiFi)
 26746 | Lair:4   | Killed elbjorno's ghost
 26746 | Lair:4   | Reached XP level 15. HP: 122/139 MP: 16/16
 26805 | Lair:4   | Found a staircase to the Swamp.
 27163 | Lair:4   | Noticed Kirke
 27175 | Lair:4   | Killed Kirke
 27645 | Lair:3   | Reached skill level 15 in Fighting
 28763 | Lair:5   | Reached skill level 20 in Maces & Flails
 28882 | Lair:6   | Entered Level 6 of the Lair of Beasts
 28908 | Lair:6   | Received a gift from Okawaru
 29136 | Lair:6   | Found a staircase to the Slime Pits.
 29365 | Lair:6   | Noticed Nessos
 29382 | Lair:6   | Killed Nessos
 29382 | Lair:6   | Reached skill level 15 in Armour
 29382 | Lair:6   | Reached skill level 1 in Spellcasting
 30112 | Orc:1    | Entered Level 1 of the Orcish Mines
 30199 | Orc:1    | Found Ican's Antique Armour Shop.
 30444 | Orc:2    | Entered Level 2 of the Orcish Mines
 30446 | Orc:2    | Found Osmarhee's Armour Emporium.
 30590 | Orc:2    | Found a staircase to the Elven Halls.
 30812 | Orc:2    | Found a roughly hewn altar of Beogh.
 30899 | Orc:2    | Found a roughly hewn altar of Beogh.
 30969 | Orc:2    | Found a roughly hewn altar of Beogh.
 31079 | Orc:2    | Found a roughly hewn altar of Beogh.
 31086 | Orc:2    | Reached skill level 1 in Evocations
 31142 | Orc:2    | Found a roughly hewn altar of Beogh.
 31143 | Orc:2    | Found Hoboorir's Weapon Shop.
 31255 | Orc:2    | Found a roughly hewn altar of Beogh.
 31271 | Orc:2    | Found Ygrot's Book Shop.
 31411 | Orc:2    | Noticed an orc warlord
 31447 | Orc:2    | Killed an orc warlord
 31687 | Orc:2    | Found Vomile's Antique Weapon Emporium.
 31699 | Orc:2    | Found Douruost's Antique Armour Shoppe.
 31700 | Orc:2    | Found a roughly hewn altar of Beogh.
 31831 | Orc:2    | Bought a smoking plate armour for 756 gold pieces
 31854 | Orc:2    | Identified the cursed +1 plate armour of Ybegoicu {rF+ rCorr MP-9} (You bought it in a shop on level 2 of the Orcish Mines)
 32013 | Spider:1 | Entered Level 1 of the Spider Nest
 32575 | Spider:1 | Received a gift from Okawaru
 32576 | Spider:1 | Found the +15 Maxwell's patent armour {-Cast -Tele rElec MR+ rCorr}
 33210 | Spider:2 | Found a roughly hewn altar of Beogh.
 33417 | Spider:2 | Reached XP level 16. HP: 150/151 MP: 8/17
 33561 | Spider:2 | Learned a level 2 spell: Swiftness
 33623 | Spider:3 | Noticed Jorgrun
 33647 | Spider:3 | Killed Jorgrun
 34886 | Spider:4 | Entered Level 4 of the Spider Nest
 35414 | Spider:4 | Received a gift from Okawaru
 35795 | Spider:4 | Reached skill level 5 in Evocations
 36165 | Spider:4 | Blown up by an orb spider

Skill      XL: |  1  2  3  4  5  6  7  8  9 10 11 12 13 14 15 16 |
---------------+-------------------------------------------------+-----
Maces & Flails | 4 5 6 7 9 10 11 13 15 16 18 19 20 | 20.0
Armour         | 1 2 3 4 5 6 8 9 10 12 13 14 15 16 | 16.3
Fighting       | 4 5 6 7 9 10 11 12 13 14 15 16 | 16.6
Invocations    | 2 4 5 6 |  6.0
Dodging        | 4 6 8 10 11 12 | 12.7
Spellcasting   | 1 |  1.2
Evocations     | 3 5 |  5.4
Stealth        | |  1.5

Action                   |  1- 3 |  4- 6 |  7- 9 | 10-12 | 13-15 | 16-18 || total
-------------------------+-------+-------+-------+-------+-------+-------++-------
Melee: Mace              |    67 |   328 |    63 |       |       |       ||   458
       Headbutt          |     8 |    79 |   106 |   273 |   321 |    61 ||   848
       Whip              |       |       |   440 |   661 |       |       ||  1101
       Punch             |       |       |       |     9 |       |       ||     9
       Morningstar       |       |       |       |    75 |       |       ||    75
       Great mace        |       |       |       |   191 |  1296 |   311 ||  1798
       Dire flail        |       |       |       |   139 |       |       ||   139
 Fire: Blowgun           |       |       |     8 |     6 |       |       ||    14
Invok: Heroism           |       |       |     1 |    25 |    18 |     5 ||    49
       Finesse           |       |       |       |     3 |     5 |       ||     8
Evoke: Wand              |       |       |       |     7 |    14 |       ||    21
       Phial of floods   |       |       |       |       |     2 |       ||     2
  Use: Scroll            |       |     3 |     9 |    11 |    12 |     1 ||    36
       Potion            |       |       |     2 |     5 |     1 |       ||     8
  Eat: Chunk             |       |     9 |    38 |    47 |    50 |     4 ||   148
       Ration            |       |       |     2 |     1 |       |       ||     3
Armor: Robe              |    10 |       |       |       |       |       ||    10
       Chain mail        |    22 |   156 |    40 |       |       |       ||   218
       Skin              |       |       |     7 |    21 |       |       ||    28
       Plate armour      |       |       |   123 |   445 |   625 |   323 ||  1516
Dodge: Dodged            |    47 |   121 |   104 |   353 |   633 |   285 ||  1543
